Map: Odyssey LE

Players

Yata

  • Race: Zerg Zerg
  • League: Silver
  • Spawn Location: 11:00

Rurry - Winner!

  • Race: Protoss Protoss
  • League: Silver
  • Spawn Location: 5:00

VOD

Have the link to the VOD?

Description

Time

  • Played on: Aug. 16, 2017, 9:50 p.m.
  • Length: 7:54
Show
View Real Time Build Order
Export as new Build Order

Yata Zerg 

Build Orders: Hatch First 

Get SALT Encoding   

  12  0:01  Drone  
  13  0:12  Overlord  
  13  0:29  Overlord  
  13  0:42  Drone x2  
  15  0:55  Drone  
  16  1:01  Drone  
  17  1:23  Hatchery  
  16  1:27  Drone  
  16  1:28  Drone  
  18  1:46  Spawning Pool  
  17  1:55  Hatchery  
  16  2:10  Drone x3  
  16  2:13  Extractor  
  18  2:22  Drone  
  19  2:36  Drone  
  20  2:39  Queen  
  20  2:40  Queen  
  20  2:43  Drone  
  20  2:44  Drone  
  26  3:00  Drone x2  
  26  3:01  Drone  
  29  3:08  Drone x3  
  32  3:15  Drone  
  32  3:19  Queen  
  35  3:22  Drone x2  
  37  3:29  Lair  
  37  3:32  Extractor  
  36  3:41  Roach Warren  
  36  3:44  Drone x4  
  36  3:45  Drone x2  
  41  3:48  Overlord  
  41  4:05  Extractor, Queen  
  42  4:10  Overlord x3  
  42  4:25  Evolution Chamber  
  42  4:26  Drone x4  
  42  4:27  Drone x2  
  42  4:29  Glial Reconstitution  
  47  4:40  Queen  
  47  4:41  Queen  
  47  4:42  Queen  
  53  4:49  Spore Crawler  
  52  4:58  Roach  
  52  4:59  Roach x4  
  62  5:05  Overlord  
  62  5:06  Overlord  
  62  5:32  Roach x6  
  74  5:49  Overlord x4  
  74  6:10  Drone  
  74  6:11  Drone x14  
  89  6:21  Queen  
  89  6:22  Queen  
  89  6:23  Queen  
  95  6:29  Roach  
  95  6:30  Roach x2  
  93  6:51  Roach x8  
  100  6:56  Queen  
  90  7:26  Ravager x3  
  90  7:27  Ravager x4  
Show
View Real Time Build Order
Export as new Build Order

Rurry Protoss - Winner!

Build Orders: Nexus First 

Get SALT Encoding   

  12  0:00  Probe (Chrono Boost)  
  13  0:11  Probe (Chrono Boost)  
  14  0:19  Pylon  
  14  0:22  Probe (Chrono Boost)  
  15  0:37  Probe (Chrono Boost)  
  16  0:47  Probe (Chrono Boost)  
  17  0:58  Probe (Chrono Boost)  
  17  1:02  Nexus  
  18  1:13  Gateway  
  18  1:15  Probe (Chrono Boost)  
  19  1:20  Assimilator  
  19  1:25  Assimilator  
  19  1:28  Probe (Chrono Boost)  
  20  1:38  Probe (Chrono Boost)  
  21  1:49  Probe (Chrono Boost)  
  22  1:59  Probe (Chrono Boost)  
  23  2:01  Cybernetics Core  
  23  2:14  Probe x2 (Chrono Boost)  
  25  2:22  Pylon  
  25  2:25  Probe x2 (Chrono Boost)  
  25  2:26  Pylon  
  25  2:28  Zealot  
  29  2:35  Probe x2 (Chrono Boost)  
  31  2:38  Assimilator  
  31  2:44  Stargate  
  31  2:46  Probe (Chrono Boost)  
  31  2:47  Probe (Chrono Boost)  
  33  2:53  Assimilator  
  33  2:56  Probe (Chrono Boost)  
  34  2:59  Probe (Chrono Boost)  
  35  3:07  Probe (Chrono Boost)  
  35  3:10  Probe (Chrono Boost)  
  37  3:17  Probe (Chrono Boost)  
  38  3:21  Probe (Chrono Boost)  
  38  3:24  Stargate  
  39  3:27  Void Ray (Chrono Boost)  
  39  3:28  Probe (Chrono Boost)  
  39  3:31  Probe (Chrono Boost)  
  45  3:35  Pylon  
  45  3:38  Probe (Chrono Boost)  
  46  3:42  Probe (Chrono Boost)  
  47  3:49  Probe (Chrono Boost)  
  47  3:53  Protoss Air Weapons Level 1  
  47  3:55  Probe (Chrono Boost)  
  49  3:59  Probe (Chrono Boost)  
  50  4:07  Void Ray (Chrono Boost)  
  54  4:10  Void Ray (Chrono Boost)  
  54  4:16  Probe  
  59  4:42  Nexus  
  59  4:46  Pylon  
  59  4:56  Pylon  
  59  5:00  Pylon  
  59  5:05  Void Ray x2 (Chrono Boost)  
  67  5:09  Forge  
  67  5:10  Pylon  
  67  5:19  Probe  
  68  5:32  Nexus  
  68  5:42  Void Ray x2 (Chrono Boost), Photon Cannon  
  76  5:44  Protoss Shields Level 1  
  76  5:51  Protoss Air Armor Level 1  
  76  5:54  Fleet Beacon  
  76  5:59  Cybernetics Core  
  76  6:12  Pylon  
  76  6:13  Photon Cannon  
  76  6:14  Probe  
  77  6:23  Void Ray (Chrono Boost)  
  77  6:25  Probe  
  81  6:28  Pylon  
  81  6:31  Photon Cannon  
  82  6:33  Stargate  
  82  6:35  Probe  
  83  6:46  Void Ray (Chrono Boost), Probe  
  88  6:57  Probe  
  88  7:00  Void Ray (Chrono Boost)  
  93  7:07  Probe  
Tags
 
Matchup
PvZ
Replay Pack
Pack 1
Spawn Locations
Cross Positions
Add a new tag
Caveats
  • Supply blocks, unpowered buildings, or Contaminate may cause inaccurate times.
  • Supply counts are checked every 10 seconds.